[Event "ICC Open 2015"]
[Site "Internet Chess Club"]
[Date "2015.05.30"]
[Round "4"]
[White "leonardoalmeida"]
[Black "elshaddai"]
[Result "1-0"]
[ICCResult "Black resigns"]
[WhiteElo "1877"]
[BlackElo "1606"]
[Opening "English: symmetrical variation"]
[ECO "A34"]
[NIC "EO.64"]
[Time "19:31:53"]
[TimeControl "180+0"]

1. c4 c5 2. Nc3 d6 3. g3 e5 4. Bg2 f5 5. e3 Nc6 6. Nge2 Nf6 7. O-O Be7 8. d4
O-O 9. d5 Nb8 10. Qc2 Nbd7 11. Qxf5 e4 12. Nxe4 Nxe4 13. Qxe4 Bf6 14. Qe6+
Kh8 15. Qxd6 b6 16. Nf4 Be5 17. Qc6 Bxf4 18. exf4 Rb8 19. b3 Rf6 20. Qa4 Rg6
21. Bb2 Nf8 22. Rfe1 Bd7 23. Qxa7 Ra8 24. Qxa8 Qxa8 25. Re7 Be8 26. d6 Nd7
27. Bxa8 {Black resigns} 1-0

[Event "ICC Open 2015"]
[Site "Internet Chess Club"]
[Date "2015.05.30"]
[Round "4"]
[White "franco"]
[Black "Hareaum"]
[Result "0-1"]
[ICCResult "White checkmated"]
[WhiteElo "1252"]
[BlackElo "1769"]
[Opening "Queen's pawn: stonewall attack"]
[ECO "D00"]
[NIC "QP.08"]
[Time "19:31:57"]
[TimeControl "180+0"]

1. d4 d5 2. e3 Nf6 3. Bd3 Bg4 4. Nf3 e6 5. Nbd2 c6 6. h3 Bh5 7. Be2 Nbd7 8.
Ne5 Bxe2 9. Nxf7 Bxd1 10. Nxd8 Bxc2 11. Nxb7 Rb8 12. Nc5 Nxc5 13. dxc5 Bxc5
14. O-O O-O 15. Nb3 Bxb3 16. axb3 Rxb3 17. Rd1 Bb6 18. Rb1 Rb8 19. Bd2 c5
20. Bc3 c4 21. Re1 Bc5 22. Ra1 R8b7 23. f3 Bb4 24. Bxb4 R3xb4 25. e4 d4 26.
e5 Nd5 27. Re4 c3 28. bxc3 Nxc3 29. Rg4 g6 30. h4 d3 31. h5 Rxg4 32. fxg4 d2
33. Kf2 d1=Q 34. Rxd1 Nxd1+ 35. Kf3 gxh5 36. g5 a5 37. g4 hxg4+ 38. Kxg4
Nf2+ 39. Kh5 Nd3 40. g6 Nxe5 41. gxh7+ Kxh7 42. Kg5 Rf7 43. Kh5 Rf6 44. Kg5
Kg7 45. Kh5 Rg6 46. Kh4 Kf6 47. Kh5 Kf5 48. Kh4 Kf4 49. Kh3 Nd3 50. Kh2 Kf3
51. Kh1 Kf2 52. Kh2 Rh6# {White checkmated} 0-1

[Event "ICC Open 2015"]
[Site "Internet Chess Club"]
[Date "2015.05.30"]
[Round "4"]
[White "guchess"]
[Black "ro9991"]
[Result "1-0"]
[ICCResult "Black forfeits on time"]
[WhiteElo "2300"]
[BlackElo "1965"]
[Opening "Queen's pawn game"]
[ECO "D02"]
[NIC "QP.08"]
[Time "19:31:36"]
[TimeControl "180+0"]

1. d4 d5 2. Nf3 c6 3. g3 h5 4. Bg2 Bg4 5. Nbd2 Nf6 6. Ne5 Bf5 7. Ndf3 Nbd7
8. Ng5 Nxe5 9. dxe5 Ne4 10. Bxe4 Bxe4 11. f3 Bg6 12. O-O e6 13. Kg2 h4 14.
f4 Be7 15. Nf3 hxg3 16. hxg3 Be4 17. Rh1 Kd7 18. c4 Qb6 19. a3 Rxh1 20. Kxh1
Rh8+ 21. Kg2 a5 22. b3 Ke8 23. cxd5 cxd5 24. Bd2 f6 25. Rc1 fxe5 26. Rc8+
Bd8 27. fxe5 Rf8 28. Bg5 Kd7 29. Rxd8+ Rxd8 30. Bxd8 Kxd8 31. Qd2 Qxb3 32.
Qg5+ Kc8 33. Qxg7 Qe3 34. Qf8+ Kc7 35. Qd6+ Kc8 36. Qxe6+ Kb8 37. Qd6+ Ka7
38. Qc5+ {Black forfeits on time} 1-0

[Event "ICC Open 2015"]
[Site "Internet Chess Club"]
[Date "2015.05.30"]
[Round "4"]
[White "El-Flippo"]
[Black "orak"]
[Result "0-1"]
[ICCResult "White checkmated"]
[WhiteElo "1392"]
[BlackElo "1590"]
[Opening "Réti opening"]
[ECO "A04"]
[NIC "QP.11"]
[Time "19:32:04"]
[TimeControl "180+0"]

1. Nf3 g6 2. e4 Bg7 3. Bc4 d6 4. O-O f5 5. Nc3 Nf6 6. e5 e6 7. exf6 Bxf6 8.
d4 c6 9. Re1 Qe7 10. Qe2 Kf7 11. Bh6 Re8 12. Rad1 b5 13. Bb3 Na6 14. Qd2 Nc7
15. Ng5+ Kg8 16. d5 cxd5 17. Nxd5 Nxd5 18. Bxd5 Rb8 19. Bc6 Rd8 20. Nf3 Bb7
21. Bxb7 Rxb7 22. Ne5 dxe5 23. Qd3 Rxd3 24. Rxd3 e4 25. Rde3 Bg7 26. Bf4 g5
27. Bxg5 Qxg5 28. Rd1 h5 29. c3 Be5 30. h3 Qf4 31. Rg3+ Kh7 32. Rd8 Qh6 33.
h4 Bxg3 34. fxg3 e3 35. Re8 Qg6 36. Kf1 Qxg3 37. Rxe6 Qf2# {White
checkmated} 0-1

[Event "ICC Open 2015"]
[Site "Internet Chess Club"]
[Date "2015.05.30"]
[Round "4"]
[White "Ohanessian"]
[Black "Willy809"]
[Result "1-0"]
[ICCResult "Black forfeits on time"]
[WhiteElo "2054"]
[BlackElo "1703"]
[Opening "Sicilian: Najdorf, Lipnitzky attack"]
[ECO "B86"]
[NIC "SI.13"]
[Time "19:31:20"]
[TimeControl "180+0"]

1. e4 c5 2. Nf3 d6 3. d4 cxd4 4. Nxd4 Nf6 5. Nc3 a6 6. Bc4 e6 7. Bb3 Be7 8.
g4 h6 9. h4 Nc6 10. Rg1 Nxd4 11. Qxd4 e5 12. Qd1 b5 13. g5 hxg5 14. hxg5 Nh5
15. Qd5 Be6 16. Qc6+ Bd7 17. Qd5 Be6 18. Qd3 g6 19. Nd5 Rc8 20. Be3 Qa5+ 21.
c3 Qd8 22. Bb6 Qd7 23. O-O-O Bd8 24. Be3 a5 25. a4 bxa4 26. Bc4 Kf8 27. Bb5
Qb7 28. Bxa4 Rb8 29. b3 Rc8 30. Kb2 Bxd5 31. Qxd5 Qxd5 32. Rxd5 Be7 33. Bb6
Nf4 34. Rd2 Rh2 35. Bxa5 Rxf2 36. Rxf2 Nd3+ 37. Ka2 Nxf2 38. Rf1 Nxe4 39.
Bd7 Nxc3+ 40. Kb2 Ra8 41. Bxc3 Bxg5 42. Be6 Bf4 43. Bd5 Rc8 44. Bb4 Ke7 45.
Re1 f5 46. Bg2 Rb8 47. Bc3 {Black forfeits on time} 1-0

[Event "ICC Open 2015"]
[Site "Internet Chess Club"]
[Date "2015.05.30"]
[Round "4"]
[White "VoltesV"]
[Black "SlowBlitz"]
[Result "1-0"]
[ICCResult "Black resigns"]
[WhiteElo "1563"]
[BlackElo "1397"]
[Opening "Queen's pawn game"]
[ECO "D02"]
[NIC "QP.08"]
[Time "19:31:54"]
[TimeControl "180+0"]

1. d4 d5 2. Nf3 Bg4 3. c3 e6 4. Bf4 Nf6 5. Qb3 b6 6. e3 c5 7. Ne5 Nbd7 8.
Bb5 a6 9. Bxd7+ Nxd7 10. Nxg4 c4 11. Qd1 f6 12. h4 h5 13. Nh2 e5 14. dxe5
fxe5 15. Bg5 Nf6 16. Nd2 Qd6 17. Bxf6 gxf6 18. Ndf3 Bh6 19. a4 a5 20. b3 Rc8
21. bxc4 Rxc4 22. Qb3 Qc7 23. Qb5+ Qc6 24. Qxc6+ Rxc6 25. Ra3 Ke7 26. Ke2
Rhc8 27. Rc1 Rc4 28. Nd2 Rxh4 29. Nhf3 Rg4 30. g3 Rcg8 31. Rb3 Rb8 32. Rcb1
e4 33. Nd4 Rg5 34. Nc6+ {Black resigns} 1-0

[Event "ICC Open 2015"]
[Site "Internet Chess Club"]
[Date "2015.05.30"]
[Round "4"]
[White "Bagelhead"]
[Black "nevidimka"]
[Result "1-0"]
[ICCResult "Black checkmated"]
[WhiteElo "2369"]
[BlackElo "1992"]
[Opening "Four knights: Rubinstein counter-gambit, exchange variation"]
[ECO "C48"]
[NIC "KP.03"]
[Time "19:32:27"]
[TimeControl "180+0"]

1. e4 e5 2. Nf3 Nf6 3. Nc3 Nc6 4. Bb5 Nd4 5. Nxd4 exd4 6. Nd5 Nxd5 7. exd5
Qg5 8. Qf3 Bd6 9. d3 Qe5+ 10. Qe4 O-O 11. Qxe5 Bxe5 12. O-O c6 13. Bc4 b5
14. Bb3 c5 15. a4 b4 16. a5 d6 17. Bd2 Bd7 18. Bc4 Rae8 19. Rfe1 f5 20. a6
f4 21. Ra5 f3 22. Bb5 Re7 23. Bxd7 Rxd7 24. Rb5 Rdf7 25. g3 h5 26. h4 Rd7
27. Bg5 Kh7 28. Ra1 Kg6 29. Rb7 Rff7 30. Rb8 Kf5 31. Re1 Kg4 32. Kh2 Bxg3+
33. fxg3 f2 34. Rf1 Kf3 35. Re8 Rf5 36. Re4 Rdf7 37. Bd2 Rxd5 38. Be1 Re5
39. Rxf2# {Black checkmated} 1-0

[Event "ICC Open 2015"]
[Site "Internet Chess Club"]
[Date "2015.05.30"]
[Round "4"]
[White "daddyo"]
[Black "Muad-dib"]
[Result "0-1"]
[ICCResult "White resigns"]
[WhiteElo "1451"]
[BlackElo "1979"]
[Opening "English opening"]
[ECO "A16"]
[NIC "EO.64"]
[Time "19:32:56"]
[TimeControl "180+0"]

1. c4 Nf6 2. Nc3 d6 3. d3 g6 4. g3 Bg7 5. Bg2 O-O 6. Nf3 e5 7. O-O Nc6 8. e4
Bg4 9. h3 Bc8 10. Kh2 Nd4 11. Nxd4 exd4 12. Ne2 c5 13. a3 Rb8 14. b4 b6 15.
Bg5 h6 16. Bd2 Nh5 17. bxc5 dxc5 18. Nf4 Nxf4 19. Bxf4 Rb7 20. e5 Re7 21.
Re1 Rfe8 22. Bc6 Bd7 23. Bxd7 Qxd7 24. Re2 Bxe5 25. Bxe5 Rxe5 26. Rxe5 Rxe5
27. Ra2 Qe7 28. Qd2 Kg7 29. Qf4 Qf6 30. Qxf6+ Kxf6 31. Kg2 Ke6 32. Kf3 f5
33. a4 Kd6 34. a5 g5 35. axb6 axb6 36. Ra7 Re6 37. Ra8 Ke5 38. Ra2 h5 39.
Re2+ Kf6 40. Rxe6+ Kxe6 41. Ke2 Ke5 42. f3 g4 43. f4+ Kd6 44. hxg4 hxg4 45.
Kf2 Kc6 46. Ke2 b5 47. cxb5+ Kxb5 48. Kd2 Kb4 49. Kc2 c4 50. dxc4 Kxc4 51.
Kd2 d3 52. Kd1 Kd4 53. Kd2 Ke4 54. Kd1 Kf3 55. Kd2 Kxg3 56. Kxd3 Kxf4 57.
Ke2 Kg3 58. Kf1 Kf3 59. Kg1 Ke2 60. Kg2 f4 61. Kg1 f3 {White resigns} 0-1

[Event "ICC Open 2015"]
[Site "Internet Chess Club"]
[Date "2015.05.30"]
[Round "4"]
[White "smoothg"]
[Black "PajoPatak"]
[Result "0-1"]
[ICCResult "White checkmated"]
[WhiteElo "1860"]
[BlackElo "1637"]
[Opening "Sicilian: closed"]
[ECO "B23"]
[NIC "SI.44"]
[Time "19:31:20"]
[TimeControl "180+0"]

1. e4 c5 2. Nc3 e6 3. f4 a6 4. a4 Ne7 5. Nf3 Nbc6 6. d3 g6 7. Be3 b6 8. g3
Bg7 9. Bg2 O-O 10. O-O f5 11. Bf2 Bb7 12. h3 Nd4 13. Re1 Nec6 14. e5 Nxf3+
15. Bxf3 Qc7 16. Ne2 Nb4 17. Bxb7 Qxb7 18. c3 Nc6 19. Kh2 Rad8 20. Ng1 Rfe8
21. Nf3 h6 22. Qe2 d6 23. d4 cxd4 24. cxd4 dxe5 25. dxe5 Bf8 26. Rg1 Kh7 27.
g4 Nb4 28. gxf5 gxf5 29. Bh4 Be7 30. Rg2 Nd5 31. Bg3 Rg8 32. Qf2 Bc5 33. Qe1
Ne3 34. Re2 Nd5 35. Nh4 Be7 36. Qf2 Bc5 37. Qf3 Qg7 38. Rg2 Qe7 39. Qh5 Qe8
40. Qf3 Nb4 41. Re1 Rd3 42. Qe2 Re3 43. Qf2 Rexg3 44. Qe2 Rxg2+ 45. Nxg2 Qa8
46. Qf1 Nd5 47. Rd1 Ne3 48. Rd7+ Kh8 49. Nxe3 Bxe3 50. Rd3 Bxf4+ 51. Qxf4
Qg2# {White checkmated} 0-1

[Event "ICC Open 2015"]
[Site "Internet Chess Club"]
[Date "2015.05.30"]
[Round "4"]
[White "nihil95"]
[Black "davidfrcc"]
[Result "1-0"]
[ICCResult "Black checkmated"]
[WhiteElo "1818"]
[BlackElo "1783"]
[Opening "Sicilian"]
[ECO "B53"]
[NIC "SI.01"]
[Time "19:32:16"]
[TimeControl "180+0"]

1. e4 c5 2. Nf3 d6 3. d4 cxd4 4. Bc4 e5 5. O-O Be7 6. c3 dxc3 7. Nxc3 Nf6 8.
h3 O-O 9. Qe2 a6 10. Be3 b5 11. Bd5 Nxd5 12. Nxd5 Bb7 13. Rfd1 Nd7 14. Rac1
Nf6 15. Nc7 Rc8 16. Bb6 Qd7 17. Nxe5 dxe5 18. Rxd7 Nxd7 19. Be3 Nf6 20. f3
h6 21. a3 Bd6 22. Nd5 Nxd5 23. Rxc8 Rxc8 24. exd5 Bxd5 25. Qd2 Bc5 26. Bxc5
Rxc5 27. b4 Rc8 28. Qxd5 Kh8 29. Qxe5 Rc1+ 30. Kh2 Rc2 31. Qe8+ Kh7 32. Qe4+
g6 33. Qxc2 h5 34. Qc7 Kh6 35. g4 a5 36. Kg3 h4+ 37. Kxh4 axb4 38. axb4 f5
39. g5# {Black checkmated} 1-0

[Event "ICC Open 2015"]
[Site "Internet Chess Club"]
[Date "2015.05.30"]
[Round "4"]
[White "Champion"]
[Black "ROWLAND"]
[Result "1-0"]
[ICCResult "Black checkmated"]
[WhiteElo "1961"]
[BlackElo "1687"]
[Opening "Philidor: exchange variation"]
[ECO "C41"]
[NIC "KP.08"]
[Time "19:31:47"]
[TimeControl "180+0"]

1. e4 e5 2. Nf3 d6 3. d4 exd4 4. Nxd4 Nf6 5. Nc3 Be7 6. Bd3 O-O 7. O-O a5 8.
a4 Na6 9. h3 Nc5 10. Nb3 Nxd3 11. cxd3 b6 12. f4 Bb7 13. Nd4 Re8 14. Be3 Bf8
15. Rc1 Qe7 16. Nf5 Qe6 17. Nb5 Nxe4 18. Nfd4 Qg6 19. dxe4 Rxe4 20. f5 Qg3
21. Rf3 Qe5 22. Qd3 Rh4 23. Nc6 Qxb2 24. f6 g6 25. Rc2 Qb1+ 26. Rf1 Bxc6 27.
Rxb1 Be4 28. Qe2 Bxc2 29. Qxc2 Re8 30. Bf2 Rhe4 31. Nc3 R4e6 32. Bd4 Bh6 33.
Rf1 Be3+ 34. Bxe3 Rxe3 35. Qd2 R3e5 36. Qh6 Re1 37. Qg7# {Black checkmated}
1-0

[Event "ICC Open 2015"]
[Site "Internet Chess Club"]
[Date "2015.05.30"]
[Round "4"]
[White "Aladdin"]
[Black "StarShip32"]
[Result "1-0"]
[ICCResult "Black forfeits on time"]
[WhiteElo "2385"]
[BlackElo "2006"]
[Opening "Scandinavian (center counter) defense"]
[ECO "B01"]
[NIC "SD.01"]
[Time "19:31:21"]
[TimeControl "180+0"]

1. e4 d5 2. exd5 Qxd5 3. Nc3 Qa5 4. Bc4 Nf6 5. d4 Nc6 6. Ne2 Bg4 7. f3 Bf5
8. Bd2 O-O-O 9. Nd5 Qa4 10. b3 Qa3 11. Ne3 Bg6 12. c3 e6 13. O-O h5 14. Kh1
Qd6 15. Bb5 a6 16. Nc4 Qd5 17. Bxc6 Qxc6 18. Ne5 Qd6 19. Nxg6 fxg6 20. Bf4
Qd7 21. Qc2 Bd6 22. Qxg6 Bxf4 23. Nxf4 Rh6 24. Qg5 h4 25. Rae1 Re8 26. Nh3
Rh5 27. Qf4 Rf5 28. Qd2 e5 29. Re2 exd4 30. Rxe8+ Nxe8 31. cxd4 Rd5 32. Rd1
Qd6 33. Nf4 Rf5 34. Ne2 Nf6 35. Qe3 b6 36. Re1 Nd5 37. Qe8+ Kb7 38. Qe4 Rf7
39. Nc3 Rd7 40. Kg1 Ka7 41. Qxd5 Qxd5 42. Nxd5 Rxd5 43. Re4 g5 44. Kf2 Ra5
45. a4 b5 46. axb5 Rxb5 47. Re3 Rd5 48. Rd3 Kb6 49. Ke3 Kb5 50. Ke4 c6 51.
Rc3 a5 52. g3 hxg3 53. hxg3 Kb4 54. Kd3 Kb5 55. f4 gxf4 56. gxf4 Rf5 57. Ke4
Rh5 58. f5 Rh4+ 59. Ke5 Rh3 60. f6 Rxc3 61. Ke4 Rc1 62. Kf5 Rf1+ 63. Ke6 Kb4
64. d5 cxd5 65. Ke7 Kxb3 66. f7 a4 67. f8=Q a3 68. Qe8 Re1+ 69. Kd8
{Black forfeits on time}
1-0

[Event "ICC Open 2015"]
[Site "Internet Chess Club"]
[Date "2015.05.30"]
[Round "4"]
[White "thatchessguy"]
[Black "ElMarginal"]
[Result "1-0"]
[ICCResult "Black forfeits on time"]
[WhiteElo "1834"]
[BlackElo "1452"]
[Opening "KP: Nimzovich defense"]
[ECO "B00"]
[NIC "VO.06"]
[Time "19:31:40"]
[TimeControl "180+0"]

1. e4 Nc6 2. d4 d5 3. e5 Bf5 4. f4 e6 5. Nf3 h6 6. Bd3 Nge7 7. O-O Nb4 8.
Bxf5 Nxf5 9. c3 Nc6 10. Qd3 a6 11. h3 h5 12. Be3 Be7 13. Bf2 Qd7 14. Nbd2
Na5 15. b4 Nc4 16. Nxc4 dxc4 17. Qxc4 b5 18. Qd3 Rc8 19. Rad1 c6 20. c4 Qd8
21. Qe4 O-O 22. d5 cxd5 23. cxd5 Rc4 24. Qe2 Nh4 25. Nxh4 Bxh4 26. Bxh4 Qxh4
27. d6 Rxf4 28. Rxf4 Qxf4 29. Qxh5 Rc8 30. d7 Rd8 31. Qe2 g6 32. Qc2 Qxb4
33. Qc8 Qe7 34. Rc1 Kg7 35. Rc7 Rxd7 36. Qxd7 Qf8 37. Ra7 Qb4 38. Qxf7+ Kh6
39. Qh7+ {Black forfeits on time} 1-0

[Event "ICC Open 2015"]
[Site "Internet Chess Club"]
[Date "2015.05.30"]
[Round "4"]
[White "dogbolter"]
[Black "TheLlamaLord"]
[Result "0-1"]
[ICCResult "White forfeits on time"]
[WhiteElo "1835"]
[BlackElo "1610"]
[Opening "Queen's pawn game"]
[ECO "A45"]
[NIC "QP.07"]
[Time "19:31:47"]
[TimeControl "180+0"]

1. d4 Nf6 2. c3 e6 3. Nf3 d5 4. Bg5 Be7 5. e3 O-O 6. Nbd2 h6 7. Bh4 Nbd7 8.
Bd3 b6 9. Ne5 Bb7 10. f4 c5 11. O-O c4 12. Bc2 b5 13. Qf3 a5 14. f5 b4 15.
Qh3 exf5 16. Qxf5 Nxe5 17. dxe5 Ne4 18. Bxe7 Qxe7 19. Nxe4 dxe4 20. Bxe4
Bxe4 21. Qxe4 Rac8 22. Rad1 Rfe8 23. Rd5 Rc5 24. Rxc5 Qxc5 25. Qf4 Qxe5 26.
Qxf7+ Kh8 27. Qf4 Qxe3+ 28. Qxe3 Rxe3 29. cxb4 axb4 30. Rf8+ Kh7 31. Rc8 c3
32. bxc3 bxc3 33. Kf2 Rd3 34. a4 Rd2+ 35. Ke1 Ra2 36. Rxc3 Rxa4 37. Kf2 Ra2+
38. Kf3 Kg6 39. h4 Kh7 40. g4 Kg6 41. Rc4 Ra3+ 42. Kf4 Ra1 43. Rc6+ Kh7 44.
Rc5 Ra4+ 45. Kf5 Ra1 46. h5 Rf1+ 47. Ke5 Rf6 48. Rc4 Rf7 49. Rd4 Re7+ 50.
Kf5 Rf7+ 51. Ke6 Rf6+ 52. Ke5 Rf7 53. Rd6 Re7+ 54. Re6 Rb7 55. Kf5 Kg8 56.
Kg6 Kf8 57. Rc6 Rb8 58. Rc7 Rb6+ 59. Kh7 Rf6 60. Rxg7 Ke8 61. Rg8+ Ke7 62.
Rg7+ Ke8 63. Rg6 Rf7+ 64. Kxh6 Rf1 65. Rg8+ Kf7 66. Rg7+ Ke6 67. g5 Ke5 68.
g6 Kd5 69. Rf7 Ke5 {White forfeits on time} 0-1

[Event "ICC Open 2015"]
[Site "Internet Chess Club"]
[Date "2015.05.30"]
[Round "4"]
[White "slothchess"]
[Black "MichelRocard"]
[Result "1-0"]
[ICCResult "Black resigns"]
[WhiteElo "1818"]
[BlackElo "1948"]
[Opening "Petrov: Nimzovich attack"]
[ECO "C42"]
[NIC "RG.03"]
[Time "19:31:59"]
[TimeControl "180+0"]

1. e4 e5 2. Nf3 Nf6 3. Nxe5 d6 4. Nf3 Nxe4 5. Nc3 Nxc3 6. dxc3 Be7 7. Be2
Bg4 8. O-O Nc6 9. h3 Bh5 10. Bf4 O-O 11. Qd5 Bg6 12. Bd3 Bxd3 13. cxd3 a6
14. b4 Bf6 15. d4 Rb8 16. Rfe1 Ne7 17. Qb3 Ng6 18. Bg3 Qd7 19. Re2 Rfe8 20.
Rae1 Rxe2 21. Rxe2 Re8 22. Rxe8+ Qxe8 23. c4 Qe4 24. c5 Bxd4 25. cxd6 cxd6
26. Bxd6 Bb6 27. Qxf7+ Kxf7 28. Ng5+ Ke8 29. Nxe4 h6 30. Bc5 Bc7 31. g3 Ne5
32. Kg2 Nd3 33. Bd4 Be5 34. Bxe5 Nxe5 35. Nd6+ Kd7 36. Nxb7 Kc6 37. Nc5 a5
38. f4 axb4 39. fxe5 Kxc5 40. Kf3 Kd5 41. Kf4 g6 42. g4 h5 43. gxh5 gxh5 44.
Kf5 h4 45. Kf6 Kc4 46. e6 Kc3 47. e7 Kb2 48. e8=Q Kxa2 49. Qa4+ Kb2 50.
Qxb4+ Kc2 51. Qxh4 Kd3 52. Qf4 Kc3 53. Qe4 Kb3 54. Qd4 Kc2 55. Qe3 Kb2 56.
Qd3 Ka2 57. Qb5 Ka3 58. Ke5 Ka2 59. Qb4 Ka1 60. Kd4 Ka2 61. Kc3 {Black
resigns} 1-0

[Event "ICC Open 2015"]
[Site "Internet Chess Club"]
[Date "2015.05.30"]
[Round "4"]
[White "truufseir"]
[Black "nikenwidiartto"]
[Result "1-0"]
[ICCResult "Black forfeits on time"]
[WhiteElo "1655"]
[BlackElo "1833"]
[Opening "Tennison (Lemberg, Zukertort) gambit"]
[ECO "B01"]
[NIC "VO.17"]
[Time "19:31:36"]
[TimeControl "180+0"]

1. e4 d5 2. Nf3 dxe4 3. Ng5 Bf5 4. Nc3 Nf6 5. h3 c6 6. d3 exd3 7. Bxd3 Bxd3
8. cxd3 e6 9. O-O Bc5 10. Qb3 Qb6 11. Qc4 Nbd7 12. Na4 Qb5 13. Qxb5 cxb5 14.
Nxc5 Nxc5 15. d4 Nce4 16. Nxe4 Nxe4 17. Re1 Nf6 18. Bg5 O-O-O 19. Red1 Rd5
20. Bf4 Kd7 21. Rac1 Rc8 22. Rxc8 Kxc8 23. Rc1+ Kd8 24. Be5 Ne8 25. Bb8 a6
26. Ba7 f6 27. Bb6+ Kd7 28. Kf1 e5 29. dxe5 fxe5 30. Ke2 Nd6 31. Ke1 Nc4 32.
Be3 Nxb2 33. Rb1 Nd3+ 34. Ke2 e4 35. a4 g6 36. axb5 Rxb5 37. Ra1 Kc6 38. f3
Kd5 39. fxe4+ Kxe4 40. Ra3 Rb2+ 41. Bd2 Nf4+ 42. Kd1 Nxg2 43. Kc1 Nf4 44.
Bxf4 Kxf4 45. Kxb2 g5 46. Kc2 h5 47. Kd2 g4 48. hxg4 Kxg4 49. Ke2 h4 50. Kf2
h3 51. Kg1 Kf5 52. Kh2 Ke4 53. Kxh3 Kd4 54. Kg2 Kc4 55. Kf2 Kb4 56. Rh3 b5
57. Ke2 a5 58. Kd2 a4 59. Kc2 {Black forfeits on time} 1-0

[Event "ICC Open 2015"]
[Site "Internet Chess Club"]
[Date "2015.05.30"]
[Round "4"]
[White "eddington"]
[Black "LordProtector"]
[Result "0-1"]
[ICCResult "White resigns"]
[WhiteElo "2173"]
[BlackElo "3036"]
[Opening "Sicilian: Scheveningen (Paulsen), classical variation"]
[ECO "B43"]
[NIC "SI.41"]
[Time "19:32:27"]
[TimeControl "180+0"]

1. e4 c5 2. Nf3 e6 3. d4 cxd4 4. Nxd4 a6 5. Nc3 Qc7 6. Be2 Nf6 7. O-O d6 8.
f4 Be7 9. Qe1 O-O 10. Qg3 Nc6 11. Be3 Nxd4 12. Bxd4 b5 13. Bd3 Bb7 14. Rae1
Rac8 15. e5 dxe5 16. fxe5 Bc5 17. Bxc5 Qxc5+ 18. Kh1 Nd7 19. Ne4 Bxe4 20.
Rxe4 g6 21. Qg5 f5 22. Ree1 Nxe5 23. b4 Qc7 24. h3 Nxd3 25. cxd3 Rce8 26.
Rc1 Qd6 27. Rc5 Qxd3 28. Rfc1 Qd8 29. Rc7 Qxg5 {White resigns} 0-1

[Event "ICC Open 2015"]
[Site "Internet Chess Club"]
[Date "2015.05.30"]
[Round "4"]
[White "bennywins"]
[Black "nadalthegreat"]
[Result "0-1"]
[ICCResult "White resigns"]
[WhiteElo "1151"]
[BlackElo "1836"]
[Opening "Giuoco Pianissimo"]
[ECO "C55"]
[NIC "IG.01"]
[Time "19:35:42"]
[TimeControl "180+0"]

1. e4 e5 2. Nf3 Nc6 3. Bc4 Nf6 4. d3 Bc5 5. O-O d5 6. exd5 Nxd5 7. Bg5 Nf6
8. Re1 O-O 9. Nxe5 Nxe5 10. Rxe5 Bd4 11. Bxf6 Qxf6 12. Rd5 Qxf2+ 13. Kh1
Bxb2 14. c3 Bxa1 15. Nd2 Bg4 16. Qxa1 Qxd2 17. h3 Be6 18. Rd4 Bxc4 19. Rxc4
Rfe8 20. Rd4 Re1+ 21. Qxe1 Qxe1+ {White resigns} 0-1

[Event "ICC Open 2015"]
[Site "Internet Chess Club"]
[Date "2015.05.30"]
[Round "4"]
[White "Tyrel"]
[Black "LastWarning"]
[Result "0-1"]
[ICCResult "White forfeits on time"]
[WhiteElo "2123"]
[BlackElo "2704"]
[Opening "Queen's pawn: English defense"]
[ECO "A40"]
[NIC "QO.17"]
[Time "19:32:10"]
[TimeControl "180+0"]

1. d4 b6 2. e3 Bb7 3. f4 e6 4. Nf3 Nf6 5. Bd3 d5 6. Nbd2 Nbd7 7. O-O Bd6 8.
Ne5 O-O 9. Qf3 c5 10. c3 Qe7 11. g4 g6 12. g5 Nh5 13. Rf2 Rab8 14. Rg2 Bxe5
15. fxe5 Bc6 16. Nf1 Ng7 17. Bd2 Rbc8 18. Qg4 Nf5 19. Ng3 Rfe8 20. Nh1 h5
21. gxh6 Nxh6 22. Qh3 Nf5 23. Bxf5 exf5 24. Qxf5 Nf8 25. Rf1 Bd7 26. Qf4 Bh3
27. Nf2 Bxg2 28. Kxg2 Ne6 29. Qf3 Qg5+ 30. Kh1 cxd4 31. cxd4 Rc2 32. Bc3 Qh4
33. Ng4 Ng5 34. Qf4 Qh3 35. Nf6+ Kh8 36. Rg1 Nf3 37. Bd2 Rxd2 38. Ng4 Nxg1
39. Qh6+ Qxh6 40. Nxh6 Nf3 41. Ng4 Kg7 42. e6 Rh8 43. exf7 Rhxh2+
{White forfeits on time}
0-1

[Event "ICC Open 2015"]
[Site "Internet Chess Club"]
[Date "2015.05.30"]
[Round "4"]
[White "alric"]
[Black "kurka56"]
[Result "1-0"]
[ICCResult "Black forfeits on time"]
[WhiteElo "2086"]
[BlackElo "1801"]
[Opening "Réti opening"]
[ECO "A30"]
[NIC "QP.10"]
[Time "19:31:39"]
[TimeControl "180+0"]

1. Nf3 c5 2. c4 Nc6 3. g3 d6 4. Bg2 Nf6 5. O-O g6 6. d4 cxd4 7. Nxd4 Bd7 8.
Nc3 Bg7 9. h3 O-O 10. Be3 Rc8 11. Rc1 a6 12. b3 h5 13. Qd2 Nxd4 14. Bxd4 Bc6
15. e4 Nd7 16. Be3 Nc5 17. Rfd1 Qc7 18. Nd5 Bxd5 19. cxd5 Qb8 20. Bd4 Nd7
21. f4 b5 22. Rc6 Qb7 23. Rdc1 Rcd8 24. Rc7 Qb8 25. Bxg7 Kxg7 26. Qd4+ Kg8
27. R7c6 Nc5 28. b4 Na4 29. Rxa6 Rc8 30. Rac6 Rcd8 31. Rc7 Rfe8 32. Qa7 Qb6+
33. Qxb6 Nxb6 34. Bf1 Na4 35. Bxb5 Nb6 36. Bxe8 Rxe8 37. Rb7 Na4 38. Ra7 Nb2
39. Rcc7 Kf8 40. b5 Nd3 41. b6 Nc5 42. b7 Nxb7 43. Rcxb7 g5 44. a3 gxf4 45.
a4 f3 46. Kf2 e6 47. Kxf3 exd5 48. exd5 f5 49. Rf7+ Kg8 50. Rxf5 Rf8 51.
Rxf8+ Kxf8 52. Rb7 Ke8 53. a5 Kd8 54. a6 Kc8 55. Rh7 Kd8 56. a7
{Black forfeits on time}
1-0

[Event "ICC Open 2015"]
[Site "Internet Chess Club"]
[Date "2015.05.30"]
[Round "4"]
[White "Peter-Patzer"]
[Black "Dictator"]
[Result "0-1"]
[ICCResult "White forfeits on time"]
[WhiteElo "2117"]
[BlackElo "2605"]
[Opening "Ruy Lopez: Exchange variation doubly deferred (DERLD)"]
[ECO "C85"]
[NIC "RL.14"]
[Time "19:31:51"]
[TimeControl "180+0"]

1. e4 e5 2. Nf3 Nc6 3. Bb5 a6 4. Ba4 Nf6 5. O-O Be7 6. Bxc6 dxc6 7. Nc3 Nd7
8. d4 exd4 9. Qxd4 O-O 10. Bf4 Nc5 11. Qe3 Ne6 12. Rad1 Qe8 13. Bg3 Bc5 14.
Qe2 Bd7 15. Rd2 Qe7 16. Rfd1 Rfd8 17. Ne5 Be8 18. Qg4 Bb4 19. Bh4 f6 20.
Rxd8 Rxd8 21. Rxd8 Nxd8 22. Nd3 Bxc3 23. bxc3 Bd7 24. Qf3 Nf7 25. Bg3 Be6
26. a4 Qa3 27. h4 Qxa4 28. Qf4 Qxc2 29. Nc5 Bc4 30. Qxc7 h5 31. Qc8+ Kh7 32.
Qf5+ Kg8 33. Qc8+ Kh7 34. Qf5+ g6 35. Qxf6 Qd1+ 36. Kh2 Qd8 37. Qxd8 Nxd8
38. Bc7 Ne6 39. Nxe6 Bxe6 40. Kg3 Kg7 41. Kf4 Kf6 42. Be5+ Ke7 43. Bd4 Kd6
44. Bb6 c5 45. Kg5 Kc6 46. Bd8 b6 47. Kxg6 a5 48. f4 a4 49. f5 Bc4 50. Bg5
a3 51. Bc1 a2 52. Bb2 Kd7 53. e5 Ke7 54. e6 b5 55. Kg5 Bd3 56. g4 hxg4 57.
Kxg4 Be2+ 58. Kf4 Bd3 59. Ke5 Bc4 60. f6+ Ke8 61. e7 Kf7 62. h5 Bd3 63. h6
Bc2 64. Kd6 b4 65. Kc7 Ba4 66. cxb4 c4 67. h7 c3 68. h8=Q cxb2 69. Qg7+ Ke6
70. f7 Kd5 71. f8=Q b1=Q {White forfeits on time} 0-1